 Dungeon Crawl Stone Soup version 0.26.1-2-gb8aa6d0cf2 (webtiles) character file.

Game seed: 5461267215828226503

28 MalarOregon the Gusty (level 3, -1/21 HPs)
             Began as a Halfling Air Elementalist on Mar 25, 2021.
             Slain by a centaur
             ... wielding a cursed +0 shortbow
              (4 damage)
             ... on level 2 of the Dungeon.
             The game lasted 00:03:46 (1652 turns).

MalarOregon the Gusty (Halfling Air Elementalist)   Turns: 1652, Time: 00:03:46

Health: -1/21      AC:  2    Str:  9    XL:     3   Next: 27%
Magic:  0/6        EV: 15    Int: 14    God:
Gold:   67         SH:  0    Dex: 14    Spells: 5/6 levels left

rFire    . . .     SeeInvis .   a - +0 hunting sling
rCold    . . .     Faith    .   (shield restricted)
rNeg     . . .     Spirit   .   l - +0 robe
rPois    .         Reflect  .   (no helmet)
rElec    .         Harm     .   (no cloak)
rCorr    .         Rampage  .   (no gloves)
Will     .....                  (no boots)
Stlth    ++........             (no amulet)
HPRegen  0.07/turn              (no ring)
MPRegen  0.10/turn              (no ring)

@: very slightly contaminated
A: small, mutation resistance 1
a: no special abilities


You were on level 2 of the Dungeon.
You visited 1 branch of the dungeon, and saw 2 of its levels.

You collected 67 gold pieces.

Inventory:

Hand Weapons
 a - a +0 hunting sling (weapon)
   (You took it off a goblin on level 2 of the Dungeon)
 b - a +0 long sword
   (You found it on level 2 of the Dungeon)
Missiles
 m - 23 stones (quivered ammo)
 o - a throwing net {!f}
Armour
 h - a scarf of harm
   (You found it on level 1 of the Dungeon)
 l - a +0 robe (worn)
Scrolls
 c - 3 scrolls of identify {unknown}
 e - a scroll of random uselessness {unknown}
 f - a scroll of noise {unknown}
 i - 2 scrolls of teleportation {unknown}
 j - a scroll of enchant weapon {unknown}
 k - a scroll of blinking {unknown}
 p - a scroll of fog {unknown}
Potions
 d - 2 potions of curing {unknown}
 g - a potion of invisibility {unknown}
 n - a potion of flight {unknown}


   Skills:
 - Level 2.1 Dodging
 - Level 2.1 Stealth
 + Level 2.0 Spellcasting
 + Level 1.5 Conjurations
 + Level 3.3 Air Magic


You had 5 spell levels left.
You knew the following spells:

 Your Spells              Type           Power        Failure   Level
a - Shock                 Conj/Air       32%          9%          1

Your spell library contained the following spells:

 Spells                   Type           Power        Failure   Level
 Swiftness                Air            10%          9%          2
 Static Discharge         Conj/Air       8%           26%         3
 Airstrike                Air            5%           52%         4
 Lightning Bolt           Conj/Air       4%           94%         5


Dungeon Overview and Level Annotations

Branches:
Dungeon (2/15)

Altars:


Innate Abilities, Weirdness & Mutations

You are small and have problems with some larger weapons.
You are somewhat resistant to further mutation.


Message History

You open the door.
Found a long sword.
There is an open door here.
You see here a long sword.
q - a long sword Drop what? 17/52 slots (_ for help) (? for menu, Esc to quit)
You drop a +0 short sword.
Adjust (i)tems, (s)pells, or (a)bilities?
q - a long sword Adjust to which letter? (? for menu, Esc to quit)
b - a long sword You open the door.
There is an open door here.
Found 17 gold pieces.
You now have 67 gold pieces (gained 17).
Found 24 sling bullets.
A centaur comes into view.
The centaur shouts!
The centaur wields a cursed +0 shortbow.
The centaur shoots an arrow.
The arrow misses you.
You see here an arrow.
The centaur shoots an arrow.
The arrow closely misses you.
You see here an arrow.
You start waiting.
A centaur is nearby!
The centaur shoots an arrow.
The arrow barely misses you.
You don't know that spell.
You miscast Shock.
You are very lightly contaminated with residual magic.
Nothing appears to happen.
The centaur shoots an arrow.
The arrow closely misses you.
The zap hits the centaur. x2; The centaur shoots an arrow.
The arrow hits you!
Ouch! That really hurt!
* * * LOW HITPOINT WARNING * * *
The zap hits the centaur.
The zap misses the centaur.
The centaur shoots an arrow.
The arrow closely misses you.
The centaur shoots an arrow.
The arrow hits you!
* * * LOW HITPOINT WARNING * * *
The zap hits the centaur. x2; The centaur shoots an arrow.
The arrow misses you.
The zap hits the centaur. x2; The centaur barely misses you.
The zap hits the centaur but does no damage.
The centaur hits you but does no damage.
You don't have enough magic to cast that spell.
Fire: 24 stones
Aim: a centaur, wielding a +0 shortbow and quivering 14 arrows (almost dead, 69% to hit)
You shoot a stone.
The stone hits the centaur but does no damage.
The centaur misses you.
The centaur hits you with a cursed +0 shortbow.
You die...

#.####.#
.###......#
..........#####.
................
##.......######
#......##
#..##.##
#..##.#########
#.....c@..(....
#.###.####.####
#.###.(....#
#.......(..#
##########.c....
####.


You could see a centaur.

Vanquished Creatures
  A dart slug (D:1)
  A leopard gecko (D:1)
  3 bats
  A giant cockroach (D:1)
  3 goblins
  4 hobgoblins (D:1)
  A ball python (D:1)
  5 frilled lizards
  2 kobolds (D:1)
  3 rats (D:1)
24 creatures vanquished.

Notes
Turn   | Place    | Note
-------+----------+-------------------------------------------
     0 | D:1      | MalarOregon the Halfling Air Elementalist began the quest
                  | for the Orb.
     0 | D:1      | Reached XP level 1. HP: 11/11 MP: 3/3
   462 | D:1      | Reached skill level 1 in Conjurations
   552 | D:1      | Reached XP level 2. HP: 17/17 MP: 2/4
  1148 | D:1      | Reached XP level 3. HP: 20/21 MP: 3/5
  1636 | D:2      | Noticed a centaur
  1652 | D:2      | Slain by a centaur

Illustrated notes

Levels and vault maps discovered:
D:1:      co_arrival_square_in_a_square_in_a_square, layout_basic,
          minmay_pentomino_p4
D:2:      layout_loops_ring, st_stairs_1, minivault_11, uniq_crazy_yiuf_cottage

Skill      XL: |  1  2  3 |
---------------+----------+-----
Conjurations   | 1 |  1.5
Spellcasting   | 2 |  2.0
Dodging        | |  2.1
Stealth        | |  2.1
Air Magic      | |  3.3

Action                   || total
-------------------------++-------
Melee: Short sword       ||    11
 Fire: Hunting sling     ||     2
 Cast: Shock             ||    40
Armor: Robe              ||     1
Dodge: Dodged            ||    23
